 Dungeon Crawl Stone Soup version 0.29.1-2-gbd0b4ee654 (webtiles) character file.

Game seed: 17780123418422244366

25 hawla the Chiller (level 3, -1/26 HPs)
             Began as a Meteoran Ice Elementalist on Oct 29, 2022.
             Succumbed to a kobold's poison
             ... on level 1 of the Dungeon.
             The game lasted 00:02:01 (267 turns).

hawla the Chiller (Meteoran Ice Elementalist)        Turns: 267, Time: 00:02:01

Health: -1/26      AC:  2    Str:  9    XL:     3   Next: 35%
Magic:  6/8        EV: 13    Int: 18    God:
Gold:   21         SH:  0    Dex: 15    Spells: 7/8 levels left

rFire   . . .      SeeInvis .   (no weapon)
rCold   . . .      Faith    .   (no shield)
rNeg    . . .      Spirit   .   a - +0 robe
rPois   .          Reflect  .   (no helmet)
rElec   .          Harm     .   (no cloak)
rCorr   .          Rampage  .   (no gloves)
Will    .....                   (no boots)
Stlth   +.........              (no amulet)
HPRegen 0.08/turn               (no ring)
MPRegen 0.11/turn               (no ring)

@: lethally poisoned (-1 -> -11), glowing
A: sense surroundings 1, otherworldly, glowing, explore regen
a: no special abilities


You were on level 1 of the Dungeon.
You visited 1 branch of the dungeon, and saw 1 of its levels.

You collected 21 gold pieces.

Inventory:

Armour
 a - a +0 robe (worn)
Jewellery
 c - a ring of willpower
Potions
 b - a potion of magic


   Skills:
 + Level 0.2 Fighting
 + Level 2.7 Dodging
 - Level 1.4 Stealth
 + Level 3.1 Spellcasting
 + Level 4.9 Ice Magic


You had 7 spell levels left.
You knew the following spells:

 Your Spells              Type           Power      Damage    Failure   Level
a - Freeze                Ice            80%        1d9       1%          1

Your spell library contained the following spells:

 Spells                   Type           Power      Damage    Failure   Level
 Frozen Ramparts          Ice            40%        1d7       6%          3
 Ozocubu's Armour         Ice            20%        N/A       6%          3
 Hailstorm                Conj/Ice       11%        3d5       50%         4


Dungeon Overview and Level Annotations

Branches:
Dungeon (1/15) Zot: 333

Altars:

Shops:
D:1 *[


Innate Abilities, Weirdness & Mutations

You passively map a small area around you.
You are easily found by Zot.
You glow in the dark.
You regain HP and MP as you explore.


Message History

The kobold hits you with a +1 short sword of venom.
You are poisoned.
You hit the endoplasm.
The endoplasm is lightly wounded.
You feel sick. The hobgoblin hits you. The endoplasm closely misses you.
The kobold barely misses you.
You hit the endoplasm but do no damage.
The endoplasm is lightly wounded.
You feel sick. The endoplasm freezes you.
You are frozen.
The hobgoblin hits you.
The kobold hits you with a +1 short sword of venom.
You are lethally poisoned!
Okay, then.
Casting: Freeze (safe; 1% risk of failure)
Confirm with . or Enter, or press ? or * to list all spells.
Aiming: Freeze (safe; 1% risk of failure)
Press: ? - help, Shift-Dir - straight line, f - kobold
Aim: a kobold, wielding a +1 short sword of venom and quivering stones You freeze the kobold.
You kill the kobold!
You feel very sick. The hobgoblin misses you.
The endoplasm jiggles.
The endoplasm hits you.
* * * LOW HITPOINT WARNING * * *
Casting: Freeze (safe; 1% risk of failure)
Confirm with . or Enter, or press ? or * to list all spells.
Aiming: Freeze (safe; 1% risk of failure)
Press: ? - help, Shift-Dir - straight line, f - endoplasm
Aim: an endoplasm (lightly wounded)
You freeze the endoplasm.
The endoplasm is heavily wounded.
* * * LOW HITPOINT WARNING * * *
You feel very sick. The hobgoblin barely misses you. The endoplasm hits you.
* * * LOW HITPOINT WARNING * * *
Okay, then.
The hobgoblin attacks as you move away! The hobgoblin barely misses you.
You die...

.............#..#8.#.8#..
....#.....#.....##.#.##..
###.####.#.######8...8###
#,####.#.#8#8#8#...#8#8
#.#.!....#.............
#........+ ###...<...##
#.......?#.............
#........#8#8#8#...#8#8
#.....@..######8...8###
#.............##.#.## ,
#.....J)g..#..#8.#.8#
#...).....## ##.#.##.*
#.........# * *8. .8#.#
#.......... ,, * #..
#..........., 8 , #..
#............ ##..
#....)........ ....


You could see an endoplasm and a hobgoblin.

Vanquished Creatures
  4 ball pythons (D:1)
  4 bats (D:1)
  An endoplasm (D:1)
  A giant cockroach (D:1)
  A goblin (D:1)
  3 hobgoblins (D:1)
  3 kobolds (D:1)
  2 quokkas (D:1)
  A frilled lizard (D:1)
  2 rats (D:1)
22 creatures vanquished.

Notes
Turn   | Place    | Note
-------+----------+-------------------------------------------
     0 | D:1      | hawla the Meteoran Ice Elementalist began the quest for the
                  | Orb.
     0 | D:1      | Reached XP level 1. HP: 14/14 MP: 5/5
    60 | D:1      | Reached XP level 2. HP: 20/20 MP: 3/6
    80 | D:1      | Found Wysaug's Assorted Antiques.
   120 | D:1      | Reached XP level 3. HP: 10/26 MP: 0/8
   185 | D:1      | Found Kips's Antique Armour Emporium.
   267 | D:1      | Succumbed to a kobold's poison

Illustrated notes

Levels and vault maps discovered:
D:1:      heliophobic_arrival_ceremonial_halls, layout_rooms, serial_shops,
          shop, shop, nicolae_shop_trees, minmay_pentomino_p4

Skill      XL: |  1  2 |
---------------+-------+-----
Spellcasting   | 3 |  3.1
Fighting       | |  0.2
Dodging        | |  2.7
Stealth        | |  1.4
Ice Magic      | |  4.9

Action                   || total
-------------------------++-------
Melee: Unarmed           ||    19
 Cast: Freeze            ||    26
Armor: Robe              ||    19
Dodge: Dodged            ||    64
